 Dungeon Crawl Stone Soup version 0.28.0-1-gb440e238dd (webtiles) character file.

Game seed: 16680071504666883474

58 zeram the Skirmisher (level 4, 0/29 HPs)
             Began as a Gargoyle Fighter on Feb 26, 2022.
             Slain by Natasha (5 damage)
             ... on level 2 of the Dungeon.
             The game lasted 00:02:22 (1204 turns).

zeram the Skirmisher (Gargoyle Fighter)             Turns: 1204, Time: 00:02:23

Health: 0/29       AC: 10    Str: 21    XL:     4   Next: 2%
Magic:  0/4        EV:  9    Int:  9    God:
Gold:   89         SH:  4    Dex:  9    Spells: 3/3 levels left

rFire   . . .      SeeInvis .   a - +0 flail
rCold   . . .      Faith    .   c - +0 buckler
rNeg    + . .      Spirit   +   b - +0 scale mail
rPois   ∞          Reflect  .   (no helmet)
rElec   +          Harm     .   (no cloak)
rCorr   .          Rampage  .   (no gloves)
Will    .....                   (no boots)
Stlth   ..........              i - amulet of guardian spirit
HPRegen 0.09/turn               (no ring)
MPRegen 0.09/turn               (no ring)

@: mighty, slowed, very slow
A: sickness immunity, AC +3, negative energy resistance 1, electricity
resistance, torment resistance 1, petrification resistance
a: no special abilities


You were on level 2 of the Dungeon.
You visited 1 branch of the dungeon, and saw 2 of its levels.

You collected 89 gold pieces.

Inventory:

Hand Weapons
 a - a +0 flail (weapon)
Armour
 b - a +0 scale mail (worn)
 c - a +0 buckler (worn)
Jewellery
 i - an amulet of guardian spirit (around neck)
Scrolls
 e - 5 scrolls of identify {unknown}
 f - a scroll of blinking {unknown}
 h - a scroll of fear {unknown}
Potions
 g - a potion of mutation {unknown}
 j - a potion of invisibility {unknown}
 k - a potion of berserk rage {unknown}


   Skills:
 + Level 3.8 Fighting
 + Level 2.8 Maces & Flails
 + Level 3.7 Armour
 + Level 3.7 Shields


You had 3 spell levels left.
You didn't know any spells.
Your spell library was empty.

Dungeon Overview and Level Annotations

Branches:
Dungeon (2/15)

Altars:

Shops:
D:1 (==(

Annotations:
D:2 Jessica, Natasha


Innate Abilities, Weirdness & Mutations

You are immune to sickness and miasma.
Your stone body is resilient. (AC +3)
You are immune to poison.
You resist negative energy. (rN+)
You are resistant to electric shocks. (rElec)
You are resistant to unholy torment.
You are immune to petrification.


Message History

You sock the rat!
You kill the rat!
The crimson imp blinks!
Jessica casts a spell.
Jessica blinks!
The goblin barely misses you.
Natasha drinks a potion.
Natasha seems to speed up.
You hit the goblin.
You kill the goblin!
Natasha casts a spell at you.
You feel yourself slow down.
You closely miss the crimson imp. Natasha closely misses you.
Jessica casts a spell.
Jessica blinks!
Natasha claws you but does no damage.
The crimson imp hits you but does no damage.
Natasha stares at you and mumbles some strange words.
You resist with some effort.
Natasha stares at you and mumbles some strange words.
The magic dart hits you!
The crimson imp hits you but does no damage.
Natasha stares at you and mumbles some strange words.
You feel as though you will be slow longer.
Jessica casts a spell.
Jessica blinks!
You block Natasha's attack.
You barely miss Natasha. Natasha claws you! Natasha claws you.
Natasha wildly gestures.
You feel troubled. You block Natasha's attack.
You hit Natasha but do no damage. Natasha claws you.
* * * LOW HITPOINT WARNING * * *
The crimson imp sputters.
Natasha claws you but does no damage.
Natasha stares at you and mumbles some strange words.
You feel as though you will be slow longer.
You feel very mighty all of a sudden. Natasha barely misses you.
Natasha mumbles some strange words.
The crimson imp blinks!
You barely miss Natasha. Natasha claws you but does no damage.
Natasha claws you.
You die...

.... .... .....
..... #########
...... #.......#
..5...### #.......#
......5@####....>(.#
#
......)5h@....#..###
#
......###...#....##
##### .....
###...#...####....
...$
###..†.......... ...
#####...>.#### ..
#.##....## .
#>##.##...
#....##### ##..##


You could see Natasha (fast), 3 crimson imps and Jessica (fast).

Vanquished Creatures
  Natasha (D:2)
  A worm (D:2)
  4 bats
  3 endoplasms (D:1)
  5 goblins
  3 hobgoblins (D:1)
  3 quokkas (D:1)
  3 ball pythons
  3 frilled lizards
  2 kobolds (D:2)
  3 rats
31 creatures vanquished.

Notes
Turn   | Place    | Note
-------+----------+-------------------------------------------
     0 | D:1      | zeram the Gargoyle Fighter began the quest for the Orb.
     0 | D:1      | Reached XP level 1. HP: 14/14 MP: 1/1
    55 | D:1      | Found Fiorir's Jewellery Emporium.
    62 | D:1      | Found Gadim's Weapon Shoppe.
   337 | D:1      | Reached XP level 2. HP: 18/19 MP: 2/2
   503 | D:1      | Found a faded altar of an unknown god.
   600 | D:1      | Found Deon Ciu's Jewellery Emporium.
   620 | D:1      | Found Wepsez's Weapon Shoppe.
   714 | D:2      | Noticed Natasha
   724 | D:2      | Noticed a crimson imp
   728 | D:2      | Killed Natasha
   729 | D:2      | Reached XP level 3. HP: 16/24 MP: 3/3
  1191 | D:2      | Noticed Natasha
  1191 | D:2      | Noticed Jessica
  1195 | D:2      | Reached XP level 4. HP: 24/29 MP: 4/4
  1204 | D:2      | Slain by Natasha

Illustrated notes

Levels and vault maps discovered:
D:1:      denvon_arrival_waterhouse, layout_rooms, serial_shops,
          nicolae_shop_stone, nicolae_shop_hallway_stairs,
          nicolae_shop_behind_doors, nicolae_shop_bloodbath_and_beyond,
          ebering_ecumenical_altar_hall
D:2:      layout_rooms, uniq_natasha, uniq_jessica

Action                   |  1- 3 |  4- 6 || total
-------------------------+-------+-------++-------
Melee: Flail             |   105 |     7 ||   112
  Use: Potion            |       |     1 ||     1
Armor: Scale mail        |    62 |     8 ||    70
Dodge: Dodged            |    55 |     3 ||    58
Block: Buckler           |    21 |     2 ||    23
